 Dungeon Crawl Stone Soup version 0.29-a0-830-gcb1280458a (webtiles) character file.

Game seed: 17580269718546918062

10204 avis the Skirmisher (level 11, -5/86 HPs)
             Began as a Demigod Ice Elementalist on July 12, 2022.
             Slain by a caustic shrike simulacrum (23 damage)
             ... led by a necromancer
             ... on level 3 of the Abyss.
             The game lasted 01:40:46 (14647 turns).

avis the Skirmisher (Demigod Ice Elementalist)     Turns: 14647, Time: 01:40:46

Health: -5/86      AC: 17    Str:  9      XL:     11   Next: 11%
Magic:  21/22      EV: 19    Int: 17      God:
Gold:   555        SH:  0    Dex: 25 (26) Spells: 11/20 levels left

rFire   x . .      SeeInvis .   a - +9 long sword of Classification {flame, Will+}
rCold   + . .      Faith    .   (no shield)
rNeg    . . .      Spirit   .   A - +3 leather armour
rPois   .          Reflect  .   V - +2 hat {Stlth+}
rElec   .          Harm     .   (no cloak)
rCorr   .          Rampage  .   m - +0 pair of gloves
Will    ++...                   D - +0 pair of boots
Stlth   ++++......              (no amulet)
HPRegen 0.24/turn               t - +4 ring of evasion
MPRegen 0.18/turn               x - ring of ice

@: ice-armoured
A: high MP 1, forlorn, divine attributes
a: no special abilities


You were on level 3 of the Abyss.
You visited 2 branches of the dungeon, and saw 10 of its levels.
You visited the Abyss 1 time.
You also visited: Sewer and Bailey.

You collected 555 gold pieces.

Inventory:

Hand Weapons
 a - the +9 long sword of Classification (weapon) {flame, Will+}
   (You took it off a wight on level 8 of the Dungeon)

   It burns those it strikes, dealing additional fire damage.
   Big, fiery blades are also staple armaments of hydra-hunters.
   Will:      It increases your willpower.
 b - a +0 shortbow
 e - a +0 falchion
 i - a +3 whip of draining
 k - a +0 sling
 o - a +3 short sword
 w - a +2 scimitar of flaming
 C - a +4 great sword
 L - a +0 vorpal hand axe
 R - a +0 arbalest
 U - a +1 dagger of chaos
Missiles
 n - 29 poisoned darts
 p - 4 throwing nets
 r - 5 datura-tipped darts
 N - 2 curare-tipped darts (quivered)
Armour
 m - a +0 pair of gloves (worn)
 A - a +3 leather armour (worn)
 D - a +0 pair of boots (worn)
 V - a +2 hat of stealth (worn)
Jewellery
 q - a ring of wizardry
 t - a +4 ring of evasion (left hand)
 x - a ring of ice (right hand)
 T - a ring of resist corrosion
Wands
 s - a wand of paralysis (17)
Scrolls
 d - 3 scrolls of immolation
 h - a scroll of blinking
 y - a scroll of vulnerability {unknown}
 B - 3 scrolls of fog
 F - 3 scrolls of summoning
 G - a scroll of amnesia {unknown}
 H - a scroll of enchant weapon
 J - a scroll of magic mapping {unknown}
 K - 2 scrolls of torment {unknown}
 O - a scroll of enchant armour {unknown}
 Q - a scroll of fear
 S - 2 scrolls of teleportation
 W - 2 scrolls of noise {unknown}
Potions
 c - a potion of berserk rage {unknown}
 f - 3 potions of magic
 g - 2 potions of curing
 j - 2 potions of mutation
 l - 2 potions of cancellation {unknown}
 u - 2 potions of invisibility {unknown}
 v - 5 potions of degeneration {unknown}
 z - 2 potions of attraction {unknown}
 E - 2 potions of might
 I - 3 potions of haste
 M - 2 potions of experience {unknown}
 P - a potion of flight {unknown}


   Skills:
 - Level 5.0 Fighting
 - Level 4.0 Long Blades
 * Level 9.4 Ranged Weapons
 - Level 5.0 Armour
 - Level 5.0 Dodging
 - Level 5.0 Stealth
 - Level 5.0 Spellcasting
 - Level 7.0 Ice Magic
 - Level 3.0 Evocations


You had 11 spell levels left.
You knew the following spells:

 Your Spells              Type           Power      Damage    Failure   Level
a - Freeze                Ice            100%       1d11      1%          1
b - Call Imp              Summ           4%         N/A       28%         2
o - Ozocubu's Armour      Ice            42%        N/A       3%          3
r - Frozen Ramparts       Ice            84%        1d10      3%          3

Your spell library contained the following spells:

 Spells                   Type           Power      Damage    Failure   Level
 Ensorcelled Hibernation  Hex/Ice        48%        N/A       7%          2
 Magic Dart               Conj           16%        1d3       19%         1
 Blink                    Tloc           8%         N/A       28%         2
 Scorch                   Fire           8%         2d5       28%         2
 Hailstorm                Conj/Ice       24%        3d7       41%         4
 Ice Form                 Ice/Tmut       24%        N/A       41%         4
 Gell's Gravitas          Tloc           4%         N/A       50%         3
 Ignite Poison            Fire/Tmut/Pois 4%         N/A       50%         3
 Inner Flame              Hex/Fire       4%         N/A       50%         3
 Lesser Beckoning         Tloc           4%         N/A       50%         3
 Mephitic Cloud           Conj/Pois/Air  4%         N/A       50%         3
 Portal Projectile        Hex/Tloc       8%         N/A       50%         3
 Spider Form              Tmut/Pois      4%         N/A       50%         3
 Teleport Other           Tloc           4%         N/A       50%         3
 Tukima's Dance           Hex            4%         N/A       50%         3
 Anguish                  Hex/Necr       2%         N/A       88%         4
 Freezing Cloud           Conj/Ice/Air   9%         6-21      90%         5
 Blade Hands              Tmut           2%         N/A       99%         5
 Manifold Assault         Tloc           4%         N/A       99%         5
 Summon Forest            Summ/Tloc      2%         N/A       99%         5
 Dispersal                Tloc           2%         N/A       100%        6
 Simulacrum               Ice/Necr       12%        N/A       100%        6
 Disjunction              Tloc           2%         N/A       100%        8
 Summon Horrible Things   Summ           2%         N/A       100%        8


Dungeon Overview and Level Annotations

Branches:
Dungeon (9/15)             Temple (1/1) D:7           Sewer (visited)
 Bailey (visited)
   Lair: D:8-11         Orc: D:9-12

Shops:
D:6 (

Portals:
Abyss: D:3

Annotations:
D:3 2 transporters, indigestion's ghost, amateur OpFE
D:4 1 runed translucent door, Atlas's ghost, amateur OpTm
D:8 exclusion: ice statue


Innate Abilities, Weirdness & Mutations

You have an increased reservoir of magic. (+10% MP)
You shall have no god before yourself.
Your divine heritage dramatically boosts your attributes as you level up.


Message History

The harpy zombie misses you. The harpy zombie claws you.
The harpy zombie closely misses you.
The harpy zombie claws you but does no damage.
The harpy zombie misses you.
You slice the harpy zombie!! You burn the harpy zombie!
You destroy the harpy zombie!
The shard shrike zombie claws you!
The shard shrike zombie completely misses you.
You hit the shard shrike zombie. You burn the shard shrike zombie.
The shard shrike zombie is lightly damaged.
The shard shrike zombie barely misses you.
The shard shrike zombie claws you.
The shard shrike zombie claws you but does no damage.
You slash the necromancer! You burn the necromancer.
The necromancer is moderately wounded.
You closely miss the necromancer.
The necromancer is moderately wounded.
The necromancer casts a spell at you. The bolt of negative energy misses you.
You miss the necromancer.
The necromancer is moderately wounded.
The necromancer casts a spell.
The necromancer binds the souls of nearby monsters.
You hit the necromancer. You burn the necromancer.
The necromancer is heavily wounded.
The necromancer misses you.
The necromancer hits you but does no damage.
You slice the necromancer!! You burn the necromancer.
You kill the necromancer!
The caustic shrike simulacrum closely misses you.
You feel your dexterity returning.
You barely miss the caustic shrike simulacrum.
The caustic shrike simulacrum claws you!
The caustic shrike simulacrum freezes you!!
You resist.
The caustic shrike simulacrum claws you!
* * * LOW HITPOINT WARNING * * *
The caustic shrike simulacrum freezes you!!
You resist.
You die...

#.# .### ## # .
###. .. ... .. .
###.. ......
..##. #....# ##
#####....# .
##.# #. #####..
# . ##.## .
#..... . #
#....# .
...#...##..
#....###........
.
#.....@ZZ.......
#....###........
###### ....#....
......#..
#.#.#....Z .
#...... .. Z#
#Z. # # . . . #
.#..Z


You could see a caustic shrike simulacrum and a caustic shrike skeleton.

Vanquished Creatures
  Gastronok (D:9)
  2 vault guards (Bailey)
  Erica (D:8)
  A necromancer (Abyss:3)
  Psyche (D:9)
  A harpy zombie (Abyss:3)
  A troll (D:9)
  A blink frog (Bailey)
  Prince Ribbit (D:5)
  Sigmund (D:2)
  5 humans (Bailey)
  A steam dragon (D:7)
  A wyvern (D:8)
  A ynoxinul (Abyss:3)
  2 water moccasins
  3 ice beasts
  2 sky beasts
  2 black bears
  5 orc warriors
  3 phantoms
  2 kobold brigands
  10 bullfrogs
  A gnoll sergeant (D:7)
  2 necrophages
  4 scorpions
  4 wights (D:8)
  13 killer bees
  An electric eel (D:7)
  A lava snake (D:7)
  A quasit (Abyss:3)
  3 jellies
  2 gnoll boudas
  3 iguanas
  6 orc wizards
  Terence (D:2)
  11 adders
  22 gnolls
  7 river rats
  7 ufetubi
  2 worms
  A dart slug (D:2)
  34 orcs
  7 bats
  6 endoplasms
  4 giant cockroaches
  6 goblins
  7 hobgoblins
  6 jackals
  4 quokkas
  15 ball pythons
  5 frilled lizards
  12 kobolds
  26 rats
272 creatures vanquished.

Notes
Turn   | Place    | Note
-------+----------+-------------------------------------------
     0 | D:1      | avis the Demigod Ice Elementalist began the quest for the
                  | Orb.
     0 | D:1      | Reached XP level 1. HP: 14/14 MP: 5/5
   231 | D:1      | Reached skill level 1 in Fighting
   606 | D:1      | Reached XP level 2. HP: 23/23 MP: 2/7
  1662 | D:2      | Noticed Terence
  1714 | D:2      | Killed Terence
  1715 | D:2      | Reached XP level 3. HP: 26/29 MP: 4/8
  1965 | D:2      | Noticed Sigmund
  2053 | D:2      | Learned a level 3 spell: Ozocubu's Armour
  2115 | D:2      | Killed Sigmund
  2116 | D:2      | Reached XP level 4. HP: 38/38 MP: 1/10
  2116 | D:2      | Reached XP level 5. HP: 45/45 MP: 1/11
  2932 | D:2      | Learned a level 2 spell: Call Imp
  3164 | D:3      | Found a transporter.
  3177 | D:3      | Found a transporter.
  3203 | D:3      | Found a one-way gate to the infinite horrors of the Abyss.
  3203 | D:3      | Noticed indigestion's ghost (amateur OpFE)
  3204 | D:3      | Noticed a toenail golem
  3393 | D:3      | Noticed a small abomination
  3928 | D:4      | Reached XP level 6. HP: 50/51 MP: 7/13
  4011 | D:4      | Found a runed translucent door.
  4013 | D:4      | Noticed Atlas's ghost (amateur OpTm)
  4205 | D:4      | Reached skill level 5 in Ice Magic
  4368 | D:5      | Entered Level 5 of the Dungeon
  4865 | D:5      | Reached XP level 7. HP: 23/57 MP: 12/14
  5088 | D:5      | Reached skill level 1 in Ranged Weapons
  5127 | D:5      | Reached skill level 2 in Ranged Weapons
  5417 | D:5      | Noticed Prince Ribbit
  5430 | D:5      | Killed Prince Ribbit
  5431 | D:5      | Reached skill level 3 in Ranged Weapons
  5669 | D:5      | Reached skill level 4 in Ranged Weapons
  6064 | D:6      | Reached XP level 8. HP: 52/66 MP: 15/15
  6255 | D:6      | Found a glowing drain.
  6264 | Sewer    | Entered a sewer
  7480 | D:6      | Found Qikaf's Weapon Boutique.
  8440 | D:7      | Got Sif Muna's Compilation of Rallying and the Inferno
  9051 | D:7      | Reached XP level 9. HP: 62/71 MP: 10/18
  9379 | D:7      | Reached skill level 5 in Ranged Weapons
  9600 | D:7      | Reached skill level 6 in Ranged Weapons
  9808 | D:7      | Found a staircase to the Ecumenical Temple.
  9826 | Temple   | Entered the Ecumenical Temple
  9850 | Temple   | Learned a level 3 spell: Frozen Ramparts
 10586 | D:8      | Noticed an ice devil
 10589 | D:8      | Noticed an ice devil
 10594 | D:8      | Noticed an ice statue
 10594 | D:8      | Noticed an ice devil
 10614 | D:8      | Noticed an ice devil
 10628 | D:8      | Noticed an ice devil
 10704 | D:8      | Noticed an ice devil
 10733 | D:8      | Noticed an ice devil
 10745 | D:8      | Reached skill level 7 in Ranged Weapons
 10848 | D:8      | Noticed Erica
 10860 | D:8      | Killed Erica
 10861 | D:8      | Reached skill level 8 in Ranged Weapons
 11032 | D:8      | Identified the +9 long sword of Classification {flame,
                  | Will+}
 11049 | D:8      | Reached skill level 1 in Long Blades
 11676 | D:9      | Found a flagged portal.
 11684 | Bailey   | Entered a bailey
 11697 | Bailey   | Reached XP level 10. HP: 78/78 MP: 16/19
 12051 | Bailey   | Reached skill level 5 in Fighting
 12426 | Bailey   | Noticed a vault guard
 12446 | Bailey   | HP: 5/121 [vault guard/+0 broad axe (4)]
 12447 | Bailey   | Killed a vault guard
 12448 | Bailey   | Reached skill level 5 in Spellcasting
 12813 | Bailey   | Noticed a vault guard
 12825 | Bailey   | Killed a vault guard
 12826 | Bailey   | Reached skill level 5 in Stealth
 13296 | D:9      | Reached skill level 5 in Dodging
 13604 | D:9      | Noticed Psyche
 13615 | D:9      | Killed Psyche
 13616 | D:9      | Reached skill level 5 in Armour
 13853 | D:9      | Noticed Gastronok
 14212 | D:9      | Killed Gastronok
 14213 | D:9      | Reached XP level 11. HP: 23/86 MP: 12/22
 14555 | D:9      | Noticed a wizard
 14563 | Abyss:3  | Cast into level 3 of the Abyss (a wizard)
 14608 | Abyss:3  | Reached skill level 9 in Ranged Weapons
 14633 | Abyss:3  | Noticed a necromancer
 14633 | Abyss:3  | Noticed a shard shrike zombie
 14646 | Abyss:3  | Killed a necromancer
 14647 | Abyss:3  | Slain by a caustic shrike simulacrum

Illustrated notes

Levels and vault maps discovered:
D:1:      minmay_arrival_glassed_features, layout_basic,
          chequers_serial_rivers_micro_a
D:2:      layout_basic, uniq_terence, uniq_sigmund
D:3:      layout_rooms, nicolae_overflow_two_pavilions,
          mainiacjoe_overflow_alcove_1, gammafunk_ghost_abyssal_escape,
          dreamdust_ecumenical_altar_hidden_monk_grotto,
          kennysheep_generic_room_5
D:4:      layout_rooms, grunt_temple_overflow_opulence,
          mainiacjoe_overflow_boulevard, lemuel_doored_altar,
          ebering_ghost_inner_flame
D:5:      layout_basic, uniq_prince_ribbit1
D:6:      layout_loops_ring, serial_shops, shop, portal_sewer_entry_b
D:7:      layout_loops_corners, nicolae_overflow_squiral,
          minmay_temple_entry_mini_moons, nicolae_lava_and_water
D:8:      cheibrodos_frozen_isle, layout_rooms, uniq_erica
D:9:      layout_basic, mainiacjoe_overflow_concentric_impassable,
          enter_bailey_3, minmay_librarian, uniq_gastronok, uniq_psyche
Temple:   chequers_temple_sunken
Abyss:3:  base: D:4, guppyfry_abyss_exit_imp_island

Skill      XL: |  1  2  3  4  5  6  7  8  9 10 11 |
---------------+----------------------------------+-----
Fighting       | 1 2 3 4 5 |  5.0
Spellcasting   | 2 3 4 5 |  5.0
Ice Magic      | 4 5 6 7 |  7.0
Stealth        | 2 3 4 5 |  5.0
Dodging        | 2 3 4 5 |  5.0
Armour         | 2 3 4 5 |  5.0
Evocations     | 2 3 |  3.0
Ranged Weapons | 4 8 9 |  9.4
Long Blades    | 3 4 |  4.0

Action                   |  1- 3 |  4- 6 |  7- 9 | 10-12 || total
-------------------------+-------+-------+-------+-------++-------
Melee: Dagger            |     7 |   103 |    22 |       ||   132
       Whip              |     2 |       |       |       ||     2
       Short sword       |       |       |    75 |       ||    75
       Punch             |       |       |     5 |     1 ||     6
       Falchion          |       |       |    47 |       ||    47
       Morningstar       |       |       |    17 |       ||    17
       Long sword        |       |       |    25 |   103 ||   128
       Trident           |       |       |    13 |       ||    13
       Unarmed           |       |       |       |     1 ||     1
 Fire: Sling             |       |    78 |   307 |       ||   385
       Shortbow          |       |       |    60 |   107 ||   167
Throw: Dart              |       |       |       |     1 ||     1
 Cast: Freeze            |    42 |    40 |   138 |    20 ||   240
       Ozocubu's Armour  |     1 |    16 |    59 |    20 ||    96
       Call Imp          |       |       |       |     1 ||     1
Evoke: Wand              |       |       |       |     1 ||     1
  Use: Scroll            |       |       |    15 |     1 ||    16
       Potion            |       |       |     1 |     6 ||     7
 Stab: Sleeping          |     1 |     2 |     3 |       ||     6
Armor: Robe              |     8 |    29 |       |       ||    37
       Leather armour    |       |    26 |   145 |    47 ||   218
       Skin              |       |       |       |     9 ||     9
Dodge: Dodged            |    34 |   150 |   431 |   153 ||   768

Table legend: (Time is in decaauts)
 A = Elapsed time spent in this place.
 B = Non-inter-level travel time spent in this place.
 C = Inter-level travel time spent in this place.
 D = Time resting spent in this place.
 E = Time spent auto-exploring this place.
 F = Levels seen in this place.
 G = Mean time per level.
                   A        B        C        D        E       F      G
               +--------+--------+--------+--------+--------+-----+--------+
         Total |  14830 |  13820 |   1010 |   5386 |   4635 |  13 | 1140.8 |
       Dungeon |  12376 |  11366 |   1010 |   3782 |   4610 |   9 | 1375.1 |
        Temple |     25 |     25 |      0 |      0 |      0 |   1 |   25.0 |
         Abyss |     84 |     84 |      0 |      0 |      0 |   1 |   84.0 |
         Sewer |   1106 |   1106 |      0 |    700 |      0 |   1 | 1106.0 |
        Bailey |   1238 |   1238 |      0 |    904 |     25 |   1 | 1238.0 |
               +--------+--------+--------+--------+--------+-----+--------+

Top non-repeatable levels by time:
     D:7: 2139 daAuts
     D:9: 1563 daAuts
     D:5: 1542 daAuts
     D:2: 1499 daAuts
     D:1: 1439 daAuts
     D:6: 1400 daAuts
     D:8: 1291 daAuts
  Bailey: 1238 daAuts
   Sewer: 1106 daAuts
     D:3: 826 daAuts
     D:4: 672 daAuts
 Abyss:3: 84 daAuts
  Temple: 25 daAuts
